 Dungeon Crawl Stone Soup version 0.29.1-15-g9cfb28693d (webtiles) character file.

Game seed: 8115243990934820828

963 promet the Covered (level 7, -6/50 (52) HPs)
             Began as a Minotaur Wanderer on Mar 13, 2023.
             Was a Follower of Hepliaklqana.
             Mangled by a hell rat (10 damage)
             ... on level 5 of the Dungeon.
             The game lasted 00:27:08 (5768 turns).

promet the Covered (Minotaur Wanderer)              Turns: 5768, Time: 00:27:09

HP:   -6/50 (52)    AC: 11    Str: 20    XL:     7   Next: 92%
MP:   6/6           EV: 11    Int:  8    God:    Hepliaklqana [*.....]
Gold: 359           SH:  0    Dex: 11    Spells: 5/6 levels left

rFire   . . .      SeeInvis .   a - +3 hand axe
rCold   . . .      Faith    .   (no shield)
rNeg    + . .      Spirit   .   B - +5 ring mail of Honour {rElec rN+ Dex+2}
rPois   .          Reflect  .   (helmet restricted)
rElec   +          Harm     .   (no cloak)
rCorr   .          Rampage  .   (no gloves)
Will    .....                   (no boots)
Stlth   +.........              j - amulet of magic regeneration
HPRegen 0.16/turn               (no ring)
MPRegen 0.50/turn               (no ring)

@: lightly drained, invisible
A: reduced essence, horns 2, retaliatory headbutt
a: Renounce Religion, Recall Ancestor, Ancestor Identity


You were on level 5 of the Dungeon.
You worshipped Hepliaklqana.
Hepliaklqana was aware of your devotion.
You visited 1 branch of the dungeon, and saw 5 of its levels.

You collected 359 gold pieces.

Inventory:

Hand Weapons
 a - a +3 hand axe (weapon)
 b - a +0 sling
 c - a +0 long sword
 e - a +0 sling
 q - a +0 spear
 v - a +2 dagger of venom
Missiles
 f - 6 poisoned darts (quivered)
 k - 44 stones
 n - a boomerang of dispersal
 u - 6 boomerangs
 y - 5 datura-tipped darts
Armour
 m - a +2 chain mail
 B - the +5 ring mail of Honour (worn) {rElec rN+ Dex+2}
   (You found it on level 5 of the Dungeon)

   Dex:       It affects your dexterity (+2).
   rElec:     It insulates you from electricity.
   rN:        It protects you from negative energy.
Jewellery
 j - an amulet of magic regeneration (around neck)
 z - an amulet of guardian spirit
Wands
 o - a wand of mindburst (23)
Scrolls
 l - a scroll of identify
 s - a scroll of fog {unknown}
 t - a scroll of blinking {unknown}
 x - a scroll of teleportation {unknown}
Potions
 d - a potion of lignification
 g - a potion of mutation {unknown}
 h - a potion of haste {unknown}
 i - a potion of magic {unknown}
 r - a potion of curing {unknown}
 w - a potion of ambrosia {unknown}
 A - a potion of brilliance {unknown}


   Skills:
 + Level 3.8 Fighting
 + Level 0.5(1.3) Short Blades
 + Level 2.2(2.3) Long Blades
 + Level 5.5(5.8) Axes
 + Level 2.6(4.4) Polearms
 + Level 3.8 Ranged Weapons
 + Level 0.9 Throwing
 + Level 6.9 Armour
 + Level 1.1 Dodging
 + Level 0.2 Stealth
 * Level 0.3 Spellcasting
 * Level 2.4 Transmutations
 + Level 1.0 Evocations


You had 5 spell levels left.
You knew the following spells:

 Your Spells              Type           Power      Damage    Failure   Level
a - Beastly Appendage     Tmut           6%         N/A       26%         1

Your spell library contained the following spells:

 Spells                   Type           Power      Damage    Failure   Level
 Wereblood                Tmut           3%         N/A       36%         2
 Scorch                   Fire           0%         2d5       71%         2
 Spider Form              Tmut/Pois      2%         N/A       77%         3
 Flame Wave               Conj/Fire      0%         2d4       100%        4
 Freezing Cloud           Conj/Ice/Air   0%         6-21      100%        5
 Simulacrum               Ice/Necr       0%         N/A       100%        6
 Summon Cactus Giant      Summ           0%         N/A       100%        6
 Polar Vortex             Ice            0%         N/A       100%        9


Dungeon Overview and Level Annotations

Branches:
Dungeon (5/15)
 Temple: D:4-7

Altars:
Hepliaklqana
Qazlal
Trog

Annotations:
D:4 3 runed translucent doors, AverageBear's ghost, amateur DsFi


Innate Abilities, Weirdness & Mutations

Your life essence is reduced to manifest your ancestor. (-10% HP)
You have a pair of horns on your head.
You reflexively headbutt those who attack you in melee.


Message History

The river rat bites you but does no damage.
Chakide hits the river rat!
The river rat dies!
You hit the hell rat but do no damage.
The hell rat is heavily wounded.
The hell rat bites you but does no damage.
Chakide misses the hell rat.
The hell rat misses you. You furiously retaliate!
You headbutt the hell rat. You hit the hell rat.
The hell rat is severely wounded.
Chakide hits the hell rat.
The hell rat bites you.
A river rat comes into view.
You slash the hell rat!
You kill the hell rat!
The hell rat bites Chakide!
You hear a deafening roar!
You swap places.
You hear a deafening roar!
The hell rat bites you! You partially resist.
You feel drained.
You see here a hell rat corpse.
You slash the hell rat! Your headbutt misses the hell rat.
The hell rat is heavily wounded.
The hell rat bites you but does no damage.
You closely miss the hell rat.
The hell rat is heavily wounded.
The hell rat bites you.
* * * LOW HITPOINT WARNING * * *
You partially resist.
You feel drained. The hell rat bites you!
* * * LOW HITPOINT WARNING * * *
You see here a river rat corpse.
You fade into invisibility!
Something bites Chakide. x2; The hell rat misses you.
Chakide barely misses the hell rat.
Something bites Chakide.
Something bites Chakide but does no damage.
The hell rat bites Chakide!
Chakide is destroyed!
A hell rat comes into view.
The hell rat moves out of view.
The hell rat bites you!
You die...

#[........#
#.##..>.. ..#
#.######### #.# #
### ##.# #.#
..########### ...
..# #..††...###
R##...#††.##..####
##.# #r#######.#†#
R## ..r ##r##
#.##..# ###@#
.##... ##..##
#####. ##.###
###### #####.##
..R#.###R#÷.##
###R#...#.### .
######### ...
###....###.....
†..............


You could see a hell rat (unable to see you).

Vanquished Creatures
  Grinder (D:5)
  An ogre (D:5)
  A phantom (D:5)
  2 necrophages
  A quasit (D:5)
  A hound (D:4)
  2 orc wizards (D:5)
  3 hell rats (D:5)
  11 river rats
  5 adders
  A shadow imp (D:5)
  A white imp (D:5)
  5 worms
  A dart slug (D:4)
  7 orcs
  3 bats
  3 endoplasms
  3 giant cockroaches
  4 goblins
  5 hobgoblins
  6 jackals
  3 kobolds
  5 quokkas
  9 ball pythons
  3 frilled lizards
  6 rats
93 creatures vanquished.

Vanquished Creatures (collateral kills)
  2 river rats (D:5)
  A white imp (D:5)
  5 orcs
  A kobold (D:4)
9 creatures vanquished.

Vanquished Creatures (others)
  4 ancestors (D:5)
  2 demonic plants (D:5)
6 creatures vanquished.

Grand Total: 108 creatures vanquished

Notes
Turn   | Place    | Note
-------+----------+-------------------------------------------
     0 | D:1      | promet the Minotaur Wanderer began the quest for the Orb.
     0 | D:1      | promet set off with the following items: a +2 hand axe, a
                  | +0 sling, a +0 scale mail, a potion of lignification.
     0 | D:1      | Reached XP level 1. HP: 16/16 MP: 0/0
    16 | D:1      | You fall into a shaft and drop 1 floor!
   447 | D:1      | Reached XP level 2. HP: 23/23 MP: 1/1
   460 | D:2      | Reached skill level 4 in Armour
   610 | D:2      | Found a faded altar of an unknown god.
   881 | D:2      | Reached XP level 3. HP: 27/28 MP: 2/2
  1437 | D:3      | Found a bloodstained altar of Trog.
  2224 | D:3      | Found a hazy altar of Hepliaklqana.
  2234 | D:3      | Became a worshipper of Hepliaklqana the Forgotten
  2688 | D:3      | Reached XP level 4. HP: 36/36 MP: 3/3
  2956 | D:4      | Noticed a necrophage
  2972 | D:4      | Killed a necrophage
  2973 | D:4      | Reached XP level 5. HP: 33/42 MP: 4/4
  3068 | D:4      | Noticed AverageBear's ghost (amateur DsFi)
  3104 | D:4      | Learned a level 1 spell: Beastly Appendage
  3188 | D:4      | Reached skill level 1 in Long Blades
  3340 | D:4      | Reached * piety under Hepliaklqana
  3340 | D:4      | Found a runed translucent gate.
  3340 | D:4      | Found a runed translucent gate.
  3340 | D:4      | Found a runed translucent gate.
  3394 | D:4      | Found a stormy altar of Qazlal.
  3656 | D:5      | Entered Level 5 of the Dungeon
  3701 | D:5      | Reached skill level 5 in Armour
  3967 | D:5      | Noticed Grinder
  4019 | D:5      | Killed Grinder
  4020 | D:5      | Reached skill level 5 in Axes
  4020 | D:5      | Reached skill level 1 in Polearms
  4020 | D:5      | Reached skill level 1 in Dodging
  4020 | D:5      | Reached skill level 1 in Transmutations
  4020 | D:5      | Reached XP level 6. HP: 21/45 MP: 5/5
  4248 | D:5      | Reached XP level 7. HP: 35/51 MP: 6/6
  4414 | D:5      | Reached skill level 6 in Armour
  5353 | D:5      | Identified the +5 ring mail of Honour {rElec rN+ Dex+2}
  5758 | D:5      | HP: 2/50 [hell rat (8)]
  5768 | D:5      | Mangled by a hell rat

Illustrated notes

Levels and vault maps discovered:
D:1:      lemuel_arrival_rhombus, layout_rooms, minivault_24, hex_intersection
D:2:      layout_loops_ring, basic_ecumenical_altar
D:3:      layout_basic, lemuel_doored_altar, mainiacjoe_overflow_alcove_1,
          lightli_sewer_entry_pipes, serial_park_tiny_2
D:4:      layout_cave_pools, grunt_qazlal_clouds, gammafunk_ghost_split
D:5:      wander_guarded_unrand_ratskin, layout_loops_corners, serial_demonic,
          serial_demonic_b, serial_demonic_b, serial_demonic_a,
          serial_demonic_b, uniq_grinder

Skill      XL: |  1  2  3  4  5  6  7 |
---------------+----------------------+-----
Armour         | 4 5 6 |  6.9
Axes           | 3 4 5 |  5.5
Fighting       | 2 3 |  3.8
Long Blades    | 1 2 |  2.2
Polearms       | 1 2 |  2.6
Dodging        | 1 |  1.1
Transmutations | 1 2 |  2.4
Short Blades   | |  0.5
Ranged Weapons | |  3.8
Throwing       | |  0.9
Stealth        | |  0.2
Spellcasting   | |  0.3
Evocations     | |  1.0

Action                   |  1- 3 |  4- 6 |  7- 9 || total
-------------------------+-------+-------+-------++-------
Melee: Hand axe          |    79 |    21 |    22 ||   122
       Headbutt          |    13 |    16 |    19 ||    48
       Long sword        |    18 |    29 |       ||    47
       Spear             |       |    76 |    11 ||    87
       Punch             |       |     1 |     3 ||     4
       Dagger            |       |       |    56 ||    56
Throw: Dart              |       |     4 |       ||     4
  Use: Scroll            |     2 |     9 |       ||    11
       Potion            |       |     1 |     1 ||     2
 Stab: Distracted        |       |       |     1 ||     1
Armor: Scale mail        |    16 |       |       ||    16
       Chain mail        |    19 |    92 |    13 ||   124
       Ring mail         |       |       |    13 ||    13
Dodge: Dodged            |    45 |    42 |    41 ||   128
